 Dungeon Crawl Stone Soup version 0.31-a0-986-g5e6e4ef867 (webtiles) character file.

Game seed: 4388023229238780411

150 croobank the Conjurer (level 4, -7/35 HPs)
             Began as a Demigod Conjurer on Nov 10, 2023.
             Mangled by Sigmund
             ... wielding a +0 scythe
              (11 damage)
             ... on level 3 of the Dungeon on Nov 11, 2023.
             The game lasted 00:13:02 (3176 turns).

croobank the Conjurer (Demigod Conjurer)            Turns: 3176, Time: 00:13:03

Health: -7/35      AC:  2    Str:  8    XL:     4   Next: 84%
Magic:  10/10      EV: 12    Int: 24    God:
Gold:   83         SH:  0    Dex: 12    Spells: 4/7 levels left

rFire   . . .        d - +2 dagger (venom)
rCold   . . .        (no shield)
rNeg    . . .        a - +0 robe
rPois   .            (no helmet)
rElec   .            (no cloak)
rCorr   .            (no gloves)
SInv    .            (no boots)
Will    .....        (no amulet)
Stlth   ++           (no ring)
HPRegen 0.25/turn    (no ring)
MPRegen 0.12/turn

%: no passive effects
@: no status effects
A: high MP 1, forlorn, divine attributes
a: no special abilities


You were on level 3 of the Dungeon.
You visited 1 branch of the dungeon, and saw 3 of its levels.

You collected 83 gold pieces.

Inventory:

Hand Weapons
 d - a +2 dagger of venom (weapon)
 h - a +1 dagger of speed
Missiles
 f - 5 boomerangs
 k - 5 curare-tipped darts
 s - 6 atropa-tipped darts
Armour
 a - a +0 robe (worn)
 g - a +0 ring mail
Talismans
 i - a beast talisman
Wands
 m - a wand of mindburst (20)
Scrolls
 e - a scroll of identify {unknown}
 o - 2 scrolls of blinking {unknown}
Potions
 b - a potion of magic
 c - 2 potions of curing {unknown}
 j - 2 potions of degeneration {unknown}
 n - 2 potions of heal wounds {unknown}
 p - a potion of brilliance {unknown}
 q - 2 potions of mutation {unknown}


   Skills:
 + Level 1.3 Fighting
 + Level 1.3 Short Blades
 + Level 2.5 Dodging
 + Level 2.7 Stealth
 + Level 2.4 Spellcasting
 + Level 4.1 Conjurations


You had 4 spell levels left.
You knew the following spells:

 Your Spells              Type           Power      Damage    Failure   Level
a - Magic Dart            Conj           88%        1d7       1%          1
b - Searing Ray           Conj           44%        2d6       3%          2

Your spell library contained the following spells:

 Spells                   Type           Power      Damage    Failure   Level
 Freeze                   Ice            8%         1d3       12%         1
 Dazzling Flash           Conj/Hex       24%        N/A       14%         3
 Hailstorm                Conj/Ice       12%        3d5       14%         3
 Frozen Ramparts          Ice            4%         1d1       34%         3
 Fulminant Prism          Conj/Hex       6%         3d7       43%         4
 Iskenderun's Mystic Bla  Conj/Tloc      12%        2d5       43%         4


Dungeon Overview and Level Annotations

Branches:
Dungeon (3/15)

Shops:
D:1 =

Annotations:
D:3 Sigmund


Innate Abilities, Weirdness & Mutations

You have an increased reservoir of magic. (+10% MP)
You shall have no god before yourself.
Your divine heritage dramatically boosts your attributes as you level up.


Message History

* * * LOW HITPOINT WARNING * * *
You hit the worm.
The worm looks as sick as possible!
The worm is almost dead.
You kill the worm!
You start resting.
HP restored.
The frilled lizard hisses angrily.
The frilled lizard bites you. The frilled lizard closely misses you.
You hit the frilled lizard.
You kill the frilled lizard!
You see here a frilled lizard corpse.
There is an open door here.
A rat comes into view.
There is an open door here.
Sigmund the Dreaded comes into view.
He is wielding a +0 scythe.
You hit the rat.
You kill the rat!
You see here a rat corpse.
Sigmund shouts!
Sigmund casts a spell.
Sigmund flickers and vanishes!
Deactivating autopickup; reactivate with Ctrl-A.
You hear some strange, mumbled words.
A puff of flame appears from out of thin air!
The puff of flame misses you.
You hit something.
You hear some strange, mumbled words.
You are confused.
You bump into the rock wall.
Something hits you!
You hit something. You miss something. Something hits you!
You hit something. Something hits you!
You bump into the rock wall.
You're too confused to move!
Something hits you!
* * * LOW HITPOINT WARNING * * *
You hit something.
You feel less confused. Something hits you!
You die...

*********** *,,,,,,,,,*
***** *****##,**####*,*
*,,,*
*,,,,,..,*#..,,,***,*,***
*,****#.,*#{###.#..,*,>,*
*,* #..*#@......#****,*
**,**###..##.###.#..,*,,,*
*,,,,.........##,***,*,***
*,,**.##....†..#.# *,,,*
*,,**,*#.........# *#.**
*,,**,*##.##.##### #.*
*,,,,,,...*#.# ##.##
*,****###,*#.# #...#
**,****#*#.##'##
#...######


There were no monsters in sight!

Vanquished Creatures
  Jessica (D:2)
  2 adders
  5 worms
  5 dart slugs
  2 orcs (D:3)
  4 endoplasms
  3 giant cockroaches
  8 goblins
  8 hobgoblins
  9 jackals
  2 quokkas
  7 ball pythons
  5 bats
  4 frilled lizards
  6 kobolds
  6 rats
77 creatures vanquished.

Notes
Turn   | Place    | Note
-------+----------+-------------------------------------------
     0 | D:1      | croobank the Demigod Conjurer began the quest for the Orb.
     0 | D:1      | Reached XP level 1. HP: 14/14 MP: 5/5
    52 | D:1      | Found Wuenn's Jewellery Emporium.
   197 | D:1      | Reached XP level 2. HP: 20/20 MP: 0/7
   484 | D:1      | Learned a level 2 spell: Searing Ray
   925 | D:1      | Reached XP level 3. HP: 26/26 MP: 4/8
  1464 | D:2      | Noticed Jessica
  1469 | D:2      | Killed Jessica
  1470 | D:2      | Reached skill level 4 in Conjurations
  1565 | D:2      | Reached skill level 1 in Short Blades
  1625 | D:2      | Reached XP level 4. HP: 33/34 MP: 7/10
  1861 | D:3      | Reached skill level 1 in Fighting
  3161 | D:3      | Noticed Sigmund
  3176 | D:3      | Mangled by Sigmund

Illustrated notes

Levels and vault maps discovered:
D:1:      amcnicky_arrival_gap_in_the_tavern_cellar, layout_basic, serial_shops,
          nicolae_shop_gaudy_bauble, serial_corexii_hall,
          corexii_hall_statues_t, corexii_hall_statues_t, minivault_11,
          st_stairs_10, corexii_corridor_pit, kennysheep_decorative_pillar,
          minivault_14
D:2:      layout_basic, hangedman_decor_lopped, minmay_heptomino_h4,
          uniq_jessica
D:3:      layout_loops_corners, overflow_temple_1_default,
          chequers_serial_rivers_micro_c, nicolae_kite_square_tiling_tiny,
          uniq_sigmund

Skill      XL: |  1  2  3  4 |
---------------+-------------+-----
Stealth        | 2 |  2.7
Dodging        | 2 |  2.5
Spellcasting   | 2 |  2.4
Conjurations   | 4 |  4.1
Short Blades   | 1 |  1.3
Fighting       | 1 |  1.3

Action                     |  1- 3 |  4- 6 || total
---------------------------+-------+-------++-------
  Melee: Unarmed           |     3 |       ||     3
         Dagger            |    42 |   127 ||   169
         Punch             |       |     2 ||     2
   Cast: Magic Dart        |    36 |     1 ||    37
         Searing Ray       |    15 |       ||    15
    Use: Scroll            |       |     3 ||     3
   Stab: Sleeping          |     2 |     3 ||     5
 Armour: Robe              |    23 |    70 ||    93
  Dodge: Dodged            |    25 |    65 ||    90

Table legend: (Time is in decaauts)
 A = Elapsed time spent in this place.
 B = Non-inter-level travel time spent in this place.
 C = Inter-level travel time spent in this place.
 D = Time resting spent in this place.
 E = Time spent auto-exploring this place.
 F = Levels seen in this place.
 G = Mean time per level.
                   A        B        C        D        E       F      G
               +--------+--------+--------+--------+--------+-----+--------+
         Total |   3169 |   3083 |     86 |    680 |   1816 |   3 | 1056.3 |
       Dungeon |   3169 |   3083 |     86 |    680 |   1816 |   3 | 1056.3 |
               +--------+--------+--------+--------+--------+-----+--------+

Top non-repeatable levels by time:
     D:3: 1085 daAuts
     D:1: 1043 daAuts
     D:2: 1041 daAuts
